 Dungeon Crawl Stone Soup version 0.22.1-2-g9c5b331 (console) character file.

76 fly the Insei (level 4, -2/28 HPs)
             Began as an Octopode Transmuter on Dec 8, 2018.
             Slain by an adder (4 damage)
             ... while paralysed
             ... on level 3 of the Dungeon.
             The game lasted 00:04:23 (2851 turns).

fly the Insei (Octopode Transmuter)                 Turns: 2851, Time: 00:04:24

Health: -2/28      AC:  1    Str:  9    XL:     4   Next: 32%
Magic:  7/7        EV:  2    Int: 16    God:
Gold:   82         SH:  0    Dex: 12    Spells: 3/7 levels left

rFire    . . .     SeeInvis .     - Unarmed
rCold    . . .     Gourm    .   (no shield)
rNeg     . . .     Faith    .   (helmet restricted)
rPois    .         Spirit   .   (no amulet)
rElec    .         Reflect  .   (no ring)
rCorr    .         Harm     .   (no ring)
MR       .....                  (no ring)
Stlth    ++........             (no ring)
HPRegen  0.09/turn              (no ring)
MPRegen  0.10/turn              (no ring)
                                (no ring)
                                (no ring)

@: paralysed, lethally poisoned (-2 -> -7), fainting
A: almost no armour, stealthy swim, amphibious, 8 rings, constrict 8, camouflage
1, gelatinous body 1
a: no special abilities


You were on level 3 of the Dungeon.
You were fainting.

You visited 1 branch of the dungeon, and saw 3 of its levels.

You collected 82 gold pieces.

Inventory:

Missiles
 a - 12 arrows
Scrolls
 b - 2 scrolls of teleportation {unknown}
 d - a scroll of fear {unknown}
 g - 2 scrolls of identify {unknown}
 i - a scroll of magic mapping {unknown}
 j - a scroll of random uselessness {unknown}
 k - 2 scrolls of fog {unknown}
 l - a scroll of enchant armour {unknown}
 n - a scroll of immolation {unknown}
Potions
 e - 2 potions of mutation {unknown}
 f - a potion of might {unknown}
 h - a potion of haste {unknown}
 m - 3 potions of curing {unknown}
 o - a potion of lignification {unknown}
Comestibles
 c - 4 rations


   Skills:
 - Level 1.0 Fighting
 - Level 2.0 Dodging
 + Level 4.1 Unarmed Combat
 - Level 2.0 Spellcasting
 + Level 3.4 Transmutations


You had 3 spell levels left.
You knew the following spells:

 Your Spells              Type           Power        Failure   Level  Hunger
s - Spider Form           Tmut/Pois      #.........   30%         3    ###....
z - Beastly Appendage     Tmut           ##....       4%          1    #......

Your spell library contained the following spells:

 Spells                   Type           Power        Failure   Level  Hunger
 Sticks to Snakes         Tmut           ##......     8%          2    ###....
 Ice Form                 Ice/Tmut       #.......     71%         4    #####..
 Blade Hands              Tmut           ##........   80%         5    ######.


Dungeon Overview and Level Annotations

Branches:
Dungeon (3/15)

Altars:


Innate Abilities, Weirdness & Mutations

You cannot wear most types of armour.
You are very stealthy in the water. (Stealth+)
You are amphibious.
You can wear up to eight rings at the same time.
You can use your tentacles to constrict eight enemies at once.
Your skin changes colour to match your surroundings (Stealth+).
Your rubbery body absorbs attacks. (AC +1, EV +1)


Message History

You tentacle-slap the jackal.
You kill the jackal!
You now have 82 gold pieces (gained 15).
You are fainting from starvation!
An adder comes into view.
The adder hisses angrily.
You lose consciousness!
The adder bites you. The adder bites you. x2
The adder bites you but does no damage. The adder bites you. x2
* * * LOW HITPOINT WARNING * * *
The adder bites you but does no damage. The adder bites you.
* * * LOW HITPOINT WARNING * * *
You are lethally poisoned!
The adder poisons you!
* * * LOW HITPOINT WARNING * * *
You feel sick. The adder bites you.
You die...

# #####
###...############
....#............#
###...##########.#
####.### #.#
.......# #.#
######.# #@# # #.#
#S# # #.# #.# #
#.# #.# # #.# #.#
# #.# ..# # #..
#.# # ##. #.# # .


You could see an adder.

Vanquished Creatures
  3 worms
  2 leopard geckos
  4 orcs (D:3)
  3 giant cockroaches
  4 goblins
  10 hobgoblins
  10 jackals
  5 bats
  7 kobolds
  7 rats
55 creatures vanquished.

Notes
Turn   | Place    | Note
-------+----------+-------------------------------------------
     0 | D:1      | fly the Octopode Transmuter began the quest for the Orb.
     0 | D:1      | Reached XP level 1. HP: 13/13 MP: 3/3
   168 | D:1      | Reached XP level 2. HP: 13/18 MP: 3/5
   941 | D:1      | Reached XP level 3. HP: 23/23 MP: 6/6
  1579 | D:2      | Learned a level 3 spell: Spider Form
  2503 | D:3      | Reached XP level 4. HP: 24/28 MP: 3/7
  2515 | D:3      | Reached skill level 4 in Unarmed Combat
  2842 | D:3      | Paralysed by fainting for 12 turns
  2851 | D:3      | Slain by an adder

Skill      XL: |  1  2  3  4 |
---------------+-------------+-----
Transmutations | 3 |  3.4
Unarmed Combat | 4 |  4.1
Fighting       | |  1.0
Dodging        | |  2.0
Spellcasting   | |  2.0

Action                   |  1- 3 |  4- 6 || total
-------------------------+-------+-------++-------
Melee: Unarmed           |   102 |    32 ||   134
       Constrict         |    26 |    11 ||    37
       Kick              |     8 |     2 ||    10
       Tentacles         |    12 |     5 ||    17
       Punch             |     2 |       ||     2
 Cast: Beastly Appendage |    11 |     2 ||    13
       Spider Form       |     1 |       ||     1
 Stab: Sleeping          |     3 |     2 ||     5
  Eat: Chunk             |     4 |       ||     4
Armor: Skin              |    11 |     4 ||    15
Dodge: Dodged            |    61 |    18 ||    79
